 Dungeon Crawl Stone Soup version 0.23.1-37-gaa34b87b72 (webtiles) character file.

Game seed: 15777725812303433424

121 Morbidden the Slasher (level 4, 15/33 HPs)
             Began as a Demonspawn Gladiator on Mar 23, 2019.
             Quit the game on level 2 of the Dungeon.
             The game lasted 00:02:35 (1550 turns).

Morbidden the Slasher (Demonspawn Gladiator)        Turns: 1550, Time: 00:02:35

Health: 15/33      AC: 11    Str: 15    XL:     4   Next: 76%
Magic:  4/4        EV: 10    Int:  9    God:
Gold:   82         SH:  0    Dex: 15    Spells: 3/3 levels left

rFire    + . .     SeeInvis .   a - +0 long sword
rCold    . . .     Gourm    .   (no shield)
rNeg     + . .     Faith    .   e - +0 pearl dragon scales
rPois    .         Spirit   .   (helmet restricted)
rElec    .         Reflect  .   l - +0 cloak
rCorr    .         Harm     .   (no gloves)
MR       .....                  (no boots)
Stlth    +.........             (no amulet)
HPRegen  0.11/turn              (no ring)
MPRegen  0.09/turn              (no ring)

@: lightly drained
A: antennae 1, fire resistance 1, nightstalker 1
a: no special abilities


You were on level 2 of the Dungeon.
You were not hungry.

You visited 1 branch of the dungeon, and saw 2 of its levels.

You collected 82 gold pieces.

Inventory:

Hand Weapons
 a - a +0 long sword (weapon)
Missiles
 d - 3 throwing nets (quivered)
Armour
 c - a +0 helmet
 e - +0 pearl dragon scales (worn)
 l - a +0 cloak (worn)
Jewellery
 o - a cursed ring of attention {unknown}
Scrolls
 b - 2 scrolls of teleportation
 h - a scroll of noise {unknown}
 j - 2 scrolls of identify {unknown}
 k - a scroll of remove curse {unknown}
 r - a scroll of magic mapping {unknown}
 s - a scroll of enchant armour {unknown}
 t - a scroll of fog {unknown}
Potions
 g - 2 potions of degeneration {unknown}
 i - a potion of lignification {unknown}
 m - a potion of ambrosia {unknown}
 n - 2 potions of magic {unknown}
 p - a potion of heal wounds {unknown}
 q - a potion of cancellation {unknown}
Comestibles
 f - 7 rations


   Skills:
 * Level 2.2(1.8) Fighting
 * Level 4.6(4.1) Long Blades
 + Level 1.9(1.5) Throwing
 + Level 0.6(0.2) Armour
 + Level 2.9(2.5) Dodging


You had 3 spell levels left.
You didn't know any spells.
Your spell library was empty.

Dungeon Overview and Level Annotations

Branches:
Dungeon (2/15)

Altars:
Fedhas
Kikubaaqudgha


Innate Abilities, Weirdness & Mutations

You have a pair of small antennae on your head.
Your flesh is heat resistant. (rF+)
You are slightly more attuned to the shadows.


Message History

The gnoll hits you from afar with a +0 halberd.
You are too injured to fight recklessly!
Unknown command.
You are too injured to fight recklessly!
Unknown command.
You are too injured to fight recklessly!
Unknown command.
You are too injured to fight recklessly!
Unknown command.
You are too injured to fight recklessly!
Unknown command.
You are too injured to fight recklessly!
You are too injured to fight recklessly!
You are too injured to fight recklessly!
You are too injured to fight recklessly!
Unknown command.
You are too injured to fight recklessly!
Unknown command.
Unknown command.
Are you sure you want to abandon this character and quit the game? (Confirm with "yes".)

####.#[....#...'......#
...#.#####.#.###......#
##.#.# #.#.# #......#
...#.# ###.##########
.###.#######...........
...........#...........
.....#####.#...........
.....#####.#<....g.....
.....##....'รท...@).....
####.##.####......g....
#.##.# #...........
##.##.# #...........
#.....# #...........
#..#### ############
#..# ###..# #....#


You could see 2 gnolls.

Vanquished Creatures
  7 adders (D:2)
  A gnoll (D:2)
  An ooze (D:1)
  An adder skeleton (D:2)
  3 leopard geckos (D:1)
  4 bats
  2 giant cockroaches (D:1)
  5 goblins
  3 hobgoblins
  6 kobolds
  A quokka (D:2)
  A frilled lizard (D:1)
  4 rats
39 creatures vanquished.

Notes
Turn   | Place    | Note
-------+----------+-------------------------------------------
     0 | D:1      | Morbidden the Demonspawn Gladiator began the quest for the
                  | Orb.
     0 | D:1      | Reached XP level 1. HP: 16/16 MP: 1/1
   108 | D:1      | Reached skill level 3 in Long Blades
   108 | D:1      | Gained mutation: You are slightly more attuned to the
                  | shadows. [demonic ancestry]
   108 | D:1      | Reached XP level 2. HP: 22/22 MP: 2/2
   509 | D:1      | Gained mutation: Your flesh is heat resistant. (rF+)
                  | [demonic ancestry]
   509 | D:1      | Reached XP level 3. HP: 27/27 MP: 3/3
   660 | D:2      | Found a blossoming altar of Fedhas.
   867 | D:2      | Found an ancient bone altar of Kikubaaqudgha.
  1098 | D:2      | Reached skill level 4 in Long Blades
  1192 | D:2      | Gained mutation: You have a pair of small antennae on your
                  | head. [demonic ancestry]
  1192 | D:2      | Reached XP level 4. HP: 30/33 MP: 4/4
  1550 | D:2      | Quit the game

Skill      XL: |  1  2  3 |
---------------+----------+-----
Long Blades    | 3 4 |  4.6
Fighting       | |  2.2
Throwing       | |  1.9
Armour         | |  0.6
Dodging        | |  2.9

Action                   |  1- 3 |  4- 6 || total
-------------------------+-------+-------++-------
Melee: Long sword        |   115 |    33 ||   148
  Use: Scroll            |     1 |       ||     1
  Eat: Chunk             |     1 |     1 ||     2
Armor: Pearl dragon scal |    93 |    37 ||   130
Dodge: Dodged            |    68 |    26 ||    94
       Rpst.: Long sword |    23 |     9 ||    32
